 Dungeon Crawl Stone Soup version 0.28-a0-1038-g9c4cb8273d (webtiles) character file.

Game seed: 15530188417429310678

16 miscthings the Slasher (level 2, -1/24 HPs)
             Began as a Barachi Monk on Dec 8, 2021.
             Slain by a kobold (4 damage)
             ... on level 1 of the Dungeon.
             The game lasted 00:00:48 (305 turns).

miscthings the Slasher (Barachi Monk)                Turns: 305, Time: 00:00:49

Health: -1/24      AC:  2    Str: 12    XL:     2   Next: 54%
Magic:  2/2        EV: 13    Int: 10    God:
Gold:   0          SH:  0    Dex: 14    Spells: 1/1 levels left

rFire   . . .      SeeInvis .   a - +0 falchion
rCold   . . .      Faith    .   (no shield)
rNeg    . . .      Spirit   .   b - +0 robe
rPois   .          Reflect  .   (no helmet)
rElec   .          Harm     .   (no cloak)
rCorr   .          Rampage  .   (no gloves)
Will    .....                   (no boots)
Stlth   ++........              (no amulet)
HPRegen 0.08/turn               (no ring)
MPRegen 0.08/turn               (no ring)

@: unable to hop, slow
A: amphibious, slowness 1, strong legs 1, +LOS
a: Hop


You were on level 1 of the Dungeon.
You visited 1 branch of the dungeon, and saw 1 of its levels.

Inventory:

Hand Weapons
 a - a +0 falchion (weapon)
Armour
 b - a +0 robe (worn)
Potions
 c - a potion of degeneration {unknown}


   Skills:
 - Level 3.6 Fighting
 + Level 4.6 Long Blades
 - Level 3.2 Dodging
 - Level 1.7 Stealth


You had one spell level left.
You didn't know any spells.
Your spell library was empty.

Dungeon Overview and Level Annotations

Branches:
Dungeon (1/15)

Altars:


Innate Abilities, Weirdness & Mutations

You are amphibious.
You cover ground slowly.
You can hop short distances.
You have an extended range of vision and can be seen from far away.


Message History

The frilled lizard barely misses you.
You closely miss the kobold. The frilled lizard misses you.
The kobold hits you with a +0 dagger.
You closely miss the kobold.
The frilled lizard unfolds its giant frill.
The frilled lizard bites you. The kobold hits you with a +0 dagger.
* * * LOW HITPOINT WARNING * * *
You hit the kobold but do no damage.
The frilled lizard bites you but does no damage.
The kobold hits you with a +0 dagger.
* * * LOW HITPOINT WARNING * * *
Really walk into that teleport trap?
You enter a teleport trap!
The teleport trap disappears.
Your surroundings suddenly seem different.
A frilled lizard, a giant cockroach, a goblin and a kobold come into view.
The goblin shouts!
The kobold shouts!
A kobold comes into view. It is wielding a +0 dagger.
The giant cockroach closely misses you.
The kobold shouts!
You hear an angry hiss.
You hear a shout!
A ball python comes into view.
Found 27 arrows.
The kobold hits you with a +0 dagger.
* * * LOW HITPOINT WARNING * * *
The giant cockroach misses you.
Hop to where?
Press: ? - help, Dir - move target
Found 2 yellow potions.
Boing!
A kobold comes into view. It is wielding a +0 short sword.
The ball python closely misses you. The ball python barely misses you.
The ball python closely misses you. The ball python grabs you.
The ball python constricts you.
* * * LOW HITPOINT WARNING * * *
You see here 27 arrows.
You escape the ball python's grasp.
You hit the kobold.
The kobold is severely wounded.
The kobold throws a stone.
The stone hits you.
* * * LOW HITPOINT WARNING * * *
The kobold hits you with a +0 dagger.
You die...

......K....##...##......##Kl#...
..........# #..##......##......
.........### #..##......##.#....
####.......###..##......##.##...
#....g.......##.#######.# #..
........####...##.#### ..# ..
#.##.........BS...K.... .## # #
.......##..#K##.#... r.
##########...#@.#.. ##
#..#.##!#.. ##.#. # #..# #.# #.
##


You could see a giant cockroach, a ball python and 2 kobolds.

Vanquished Creatures
  2 endoplasms (D:1)
  A giant cockroach (D:1)
  A goblin (D:1)
  2 hobgoblins (D:1)
  3 jackals (D:1)
  A quokka (D:1)
  A bat (D:1)
  A frilled lizard (D:1)
  A rat (D:1)
13 creatures vanquished.

Notes
Turn   | Place    | Note
-------+----------+-------------------------------------------
     0 | D:1      | miscthings the Barachi Monk began the quest for the Orb.
     0 | D:1      | Reached XP level 1. HP: 18/18 MP: 1/1
    24 | D:1      | Reached skill level 4 in Long Blades
    62 | D:1      | Reached XP level 2. HP: 15/24 MP: 2/2
   305 | D:1      | Slain by a kobold

Illustrated notes

Levels and vault maps discovered:
D:1:      lightli_arrival_boilingwater, layout_rooms, minmay_small_reverse_x

Skill      XL: |  1 |
---------------+----+-----
Long Blades    | 4 |  4.6
Fighting       | |  3.6
Dodging        | |  3.2
Stealth        | |  1.7

Action                   || total
-------------------------++-------
Melee: Falchion          ||    51
 Abil: Hop               ||     1
Armor: Robe              ||    10
Dodge: Dodged            ||    58

Table legend: (Time is in decaauts)
 A = Elapsed time spent in this place.
 B = Non-inter-level travel time spent in this place.
 C = Inter-level travel time spent in this place.
 D = Time resting spent in this place.
 E = Time spent auto-exploring this place.
 F = Levels seen in this place.
 G = Mean time per level.
                   A        B        C        D        E       F      G
               +--------+--------+--------+--------+--------+-----+--------+
         Total |    322 |    322 |      0 |    189 |      9 |   1 |  322.0 |
       Dungeon |    322 |    322 |      0 |    189 |      9 |   1 |  322.0 |
               +--------+--------+--------+--------+--------+-----+--------+

Top non-repeatable levels by time:
     D:1: 322 daAuts
